 Dungeon Crawl Stone Soup version 0.28-a0-823-gb444dcf96d (webtiles) character file.

Game seed: 15869644781587364745

68 lunkers the Skirmisher (level 4, -2/37 HPs)
             Began as a Djinni Cinder Acolyte on Nov 9, 2021.
             Was a High Priest of Ignis.
             Slain by an adder (5 damage)
             ... on level 3 of the Dungeon.
             The game lasted 00:02:41 (2721 turns).

lunkers the Skirmisher (Djinni Cinder Acolyte)      Turns: 2721, Time: 00:02:42

Health: -2/37      AC:  2    Str: 13    XL:     4   Next: 41%
Gold:   94         EV: 11    Int: 17    God:    Ignis [*****.] SH:  0 Dex:  8

rFire   + + +      SeeInvis .   d - +2 short sword (freeze)
rCold   x . .      Faith    .   (no shield)
rNeg    . . .      Spirit   .   b - +0 robe
rPois   ∞          Reflect  .   (no helmet)
rElec   .          Harm     .   (no cloak)
rCorr   .          Rampage  .   (no gloves)
Will    .....                   (boots unavailable)
Stlth   +.........              (no amulet)
HPRegen 0.12/turn               (no ring)
MPRegen 0.00/turn               (no ring)

@: weak-willed, flying
A: sickness immunity, fire resistance 2, cold vulnerability 1, float, innate
caster, hp casting, extra vitality 1
a: Renounce Religion, Sea of Fire, Foxfire Swarm, Rising Flame


You were on level 3 of the Dungeon.
You worshipped Ignis.
Ignis was extremely pleased with you.
You visited 1 branch of the dungeon, and saw 3 of its levels.

You collected 94 gold pieces.

Inventory:

Hand Weapons
 a - a -1 short sword of flaming
 d - a +2 short sword of freezing (weapon)
Armour
 b - a +0 robe (worn)
Scrolls
 c - 2 scrolls of vulnerability
Potions
 e - a potion of haste
 f - a potion of curing {unknown}
 h - a potion of degeneration {unknown}


   Skills:
 + Level 3.7 Fighting
 - Level 2.6 Short Blades
 * Level 3.4 Spellcasting


You had 6 spell levels left.
You knew the following spells:

 Your Spells              Type           Power      Damage    Failure   Level
a - Slow                  Hex            56%        N/A       4%          1
p - Scorch                Fire           28%        2d6       6%          2
Your spell library was empty.

Dungeon Overview and Level Annotations

Branches:
Dungeon (3/15)

Altars:
Qazlal
Ru


Innate Abilities, Weirdness & Mutations

You are immune to sickness and miasma.
You are immune to poison.
Your flesh is very heat resistant. (rF++)
You are vulnerable to cold. (rC-)
You float through the air rather than walking.
You learn spells naturally, not from books.
Your magical power is your life essence.
You have superior vitality. (+4 HP)


Message History

A hobgoblin, an orc, 2 orc priests and 2 orc wizards come into view.
An orc wizard is wielding a +1 dagger of venom.
The hobgoblin shouts!
The orc wizard shouts!
The orc shouts!
The orc closely misses you.
The orc priest invokes the aid of Beogh against you.
Beogh smites you!
The orc priest moves out of view.
Casting: Scorch (safe; 6% risk of failure)
Press: ? - help, Q - select action, (/) - cycle Dir - look around, f - activate Flames lash the orc.
The orc is almost dead.
The orc's fire resistance burns away.
Casting: Scorch (safe; 6% risk of failure)
Press: ? - help, Q - select action, (/) - cycle Dir - look around, f - activate Flames lash the orc.
The orc is burned terribly!
You kill the orc!
* * * LOW HITPOINT WARNING * * *
The adder bites you.
* * * LOW HITPOINT WARNING * * *
The orc priest invokes the aid of Beogh against you.
Beogh smites you!
* * * LOW HITPOINT WARNING * * *
The adder closely misses you.
As you read the scroll labelled WUJUOFIWUS, it crumbles to dust.
Magic quickly surges around you.
It was a scroll of vulnerability.
The adder barely misses you. x2
As you read the scroll labelled GIDURE KOALECHOLEA, it crumbles to dust.
It is a scroll of identify.
e - a potion of haste The adder closely misses you.
As you read the scroll labelled KUPHEM WUZONTA, it crumbles to dust.
You speak a Word of immense power!
It was a scroll of holy word.
The adder closely misses you.
The orc priest looks encouraged for a moment.
The adder bites you.
* * * LOW HITPOINT WARNING * * *
Okay, then.
Unknown command.
The orc priest looks satisfied for a moment.
The adder bites you.
You die...

#..... #..... # #..... ..
..g.####o.. ...#.o.. .o)o.
##### #..####...### .
#.###o.._...#####
#.oo..#S@.......###
#..o###########....####
........ .###...#.##.....
#......... ................###
#............##...#........#..
##.......... #...#........#.#
##.......... #...#........#.#
#..........##...#........#.#
....#........#.#


You could see an orc wizard and an adder (weak-willed).

Vanquished Creatures
  3 adders (D:2)
  A dart slug (D:2)
  An orc (D:3)
  5 endoplasms
  2 giant cockroaches
  A goblin (D:2)
  3 hobgoblins
  4 kobolds
  8 ball pythons
  6 bats
  A frilled lizard (D:1)
  2 rats
37 creatures vanquished.

Notes
Turn   | Place    | Note
-------+----------+-------------------------------------------
     0 | D:1      | lunkers the Djinni Cinder Acolyte began the quest for the
                  | Orb.
     0 | D:1      | Reached XP level 1. HP: 20/20 MP: 0/0
   374 | D:1      | Reached XP level 2. HP: 23/25 MP: 0/0
  1445 | D:2      | Reached XP level 3. HP: 28/30 MP: 0/0
  1445 | D:2      | Learned a level 1 spell: Slow
  2005 | D:2      | Reached XP level 4. HP: 33/35 MP: 0/0
  2382 | D:2      | Found a stormy altar of Qazlal.
  2694 | D:3      | Found a sacrificial altar of Ru.
  2721 | D:3      | Slain by an adder

Illustrated notes

Levels and vault maps discovered:
D:1:      lemuel_arrival_room, layout_basic
D:2:      layout_basic, basic_altar, grunt_decor_cap
D:3:      layout_basic, mainiacjoe_overflow_catch_the_wave

Skill      XL: |  1  2  3 |
---------------+----------+-----
Spellcasting   | 3 |  3.4
Fighting       | |  3.7
Short Blades   | |  2.6

Action                   |  1- 3 |  4- 6 || total
-------------------------+-------+-------++-------
Melee: Short sword       |    31 |       ||    31
 Cast: Scorch            |    27 |    15 ||    42
  Use: Scroll            |       |     3 ||     3
 Stab: Sleeping          |     1 |       ||     1
Armor: Robe              |    16 |     2 ||    18
Dodge: Dodged            |    19 |     8 ||    27

Table legend: (Time is in decaauts)
 A = Elapsed time spent in this place.
 B = Non-inter-level travel time spent in this place.
 C = Inter-level travel time spent in this place.
 D = Time resting spent in this place.
 E = Time spent auto-exploring this place.
 F = Levels seen in this place.
 G = Mean time per level.
                   A        B        C        D        E       F      G
               +--------+--------+--------+--------+--------+-----+--------+
         Total |   2719 |   2655 |     64 |      0 |   2443 |   3 |  906.3 |
       Dungeon |   2719 |   2655 |     64 |      0 |   2443 |   3 |  906.3 |
               +--------+--------+--------+--------+--------+-----+--------+

Top non-repeatable levels by time:
     D:1: 1402 daAuts
     D:2: 1252 daAuts
     D:3: 64 daAuts
